[Event "FICS rated blitz game"]
[Site "FICS freechess.org"]
[FICSGamesDBGameNo "20000209"]
[White "Random"]
[Black "Tucson"]
[WhiteElo "1605"]
[BlackElo "1591"]
[WhiteRD "na"]
[BlackRD "na"]
[TimeControl "180+12"]
[Date "1999.02.18"]
[Time "02:10:00"]
[WhiteClock "0:03:00.000"]
[BlackClock "0:03:00.000"]
[ECO "E24"]
[PlyCount "102"]
[Result "0-1"]

1. d4 Nf6 2. c4 e6 3. Nc3 Bb4 4. a3 Bxc3+ 5. bxc3 c5 6. Bg5 O-O 7. Nf3 b6 8. e3 Bb7 9. Be2 d6 10. O-O Nbd7 11. Qa4 Qc7 12. Rfe1 Ne4 13. Qc2 h6 14. Bh4 f5 15. Nd2 Ndf6 16. f3 Nxd2 17. Qxd2 e5 18. d5 e4 19. f4 Ba6 20. Rec1 Kh7 21. Qe1 Rg8 22. Bxf6 gxf6 23. g3 Qg7 24. a4 Bc8 25. a5 Bd7 26. axb6 axb6 27. Rxa8 Rxa8 28. Rb1 Ra6 29. Rb2 Be8 30. Qb1 Qa7 31. Kf2 Ra1 32. Qc2 Ba4 33. Qd2 Be8 34. Kg2 Ra5 35. Qc2 Ba4 36. Qb1 Ra6 37. Ra2 Be8 38. Rxa6 Qxa6 39. Qb2 Qa5 40. g4 Bg6 41. h3 Kg7 42. gxf5 Bxf5 43. Bg4 Kg6 44. Kg3 h5 45. Bxf5+ Kxf5 46. Kh4 Kg6 47. f5+ Kh6 48. Qe2 Qxc3 49. Qxh5+ Kg7 50. Qg6+ Kf8 51. Qxf6+ Qxf6+ {White resigns} 0-1

[Event "FICS rated blitz game"]
[Site "FICS freechess.org"]
[FICSGamesDBGameNo "20000208"]
[White "joyeux"]
[Black "bmw"]
[WhiteElo "1535"]
[BlackElo "1498"]
[WhiteRD "na"]
[BlackRD "na"]
[TimeControl "300+0"]
[Date "1999.02.17"]
[Time "05:30:00"]
[WhiteClock "0:05:00.000"]
[BlackClock "0:05:00.000"]
[ECO "D31"]
[PlyCount "73"]
[Result "1-0"]

1. d4 d5 2. c4 c6 3. Nc3 e6 4. e3 Nf6 5. a3 Be7 6. cxd5 cxd5 7. Bd3 O-O 8. Nf3 Nc6 9. O-O Bd7 10. b4 a6 11. Bb2 b5 12. Qc2 Rc8 13. Rac1 Bd6 14. Qb1 g6 15. Rfe1 Qc7 16. e4 Be7 17. e5 Nh5 18. Ne2 Qd8 19. Nd2 f6 20. Rf1 fxe5 21. dxe5 Kg7 22. f4 Na7 23. Rf3 Rxc1+ 24. Qxc1 Nc6 25. g4 Nxf4 26. Rxf4 Rxf4 27. Nxf4 Bg5 28. Qf1 Qb6+ 29. Kg2 d4 30. Nf3 Bc8 31. Kg3 Bxf4+ 32. Kxf4 Bb7 33. Qh3 Ne7 34. Ng5 h6 35. Nf3 g5+ 36. Kg3 Qc6 37. Qf1 {Black forfeits on time} 1-0

[Event "FICS rated blitz game"]
[Site "FICS freechess.org"]
[FICSGamesDBGameNo "20000207"]
[White "santini"]
[Black "Bengbula"]
[WhiteElo "1540"]
[BlackElo "1734"]
[WhiteRD "na"]
[BlackRD "na"]
[TimeControl "180+2"]
[Date "1999.02.16"]
[Time "16:06:00"]
[WhiteClock "0:03:00.000"]
[BlackClock "0:03:00.000"]
[ECO "C01"]
[PlyCount "40"]
[Result "0-1"]

1. e4 e6 2. d4 d5 3. c4 Nf6 4. exd5 exd5 5. Nc3 Bb4 6. Bg5 O-O 7. Nf3 Re8+ 8. Be2 Bg4 9. O-O dxc4 10. Bxc4 Nbd7 11. Nd5 Bd6 12. Qb3 c6 13. Nxf6+ Nxf6 14. Bxf7+ Kh8 15. Bxe8 Qxe8 16. Bxf6 gxf6 17. Rae1 Qh5 18. h4 Rg8 19. Re4 Bxf3 20. Qxf3 Qxf3 {White resigns} 0-1

[Event "FICS rated standard game"]
[Site "FICS freechess.org"]
[FICSGamesDBGameNo "20000205"]
[White "mikkk"]
[Black "toolmak"]
[WhiteElo "1091"]
[BlackElo "1554"]
[WhiteRD "na"]
[BlackRD "na"]
[TimeControl "2700+0"]
[Date "1999.02.16"]
[Time "08:09:00"]
[WhiteClock "0:45:00.000"]
[BlackClock "0:45:00.000"]
[ECO "C44"]
[PlyCount "110"]
[Result "0-1"]

1. e4 e5 2. Nf3 Nc6 3. d3 Nh6 4. Bd2 b5 5. Nc3 b4 6. Nd5 f6 7. c4 f5 8. a3 Nd4 9. axb4 c6 10. Bg5 Be7 11. Nxe7 Ne6 12. Nxc8 Qxc8 13. Be3 Qb7 14. Nxe5 Qxb4+ 15. Bd2 Qxb2 16. Qh5+ Ke7 17. Bg5+ Kd6 18. Nf7+ Kc7 19. Bd8+ Kb7 20. Ra5 g6 21. Qxh6 Raxd8 22. Rb5+ Qxb5 23. cxb5 cxb5 24. d4 Rhf8 25. Ne5 fxe4 26. Bxb5 Rf5 27. Nxd7 Rh5 28. Nc5+ Kb6 29. Qd2 Kxb5 30. Qb2+ Kc6 31. O-O Rxd4 32. Nxe6 Rb5 33. Qxd4 a5 34. Qc4+ Kb6 35. Nc7 Rb4 36. Qa6+ Kxc7 37. Rc1+ Kd7 38. Qc8+ Kd6 39. f4 e3 40. Rd1+ Ke7 41. Qd8+ Ke6 42. Rd5 Rb1+ 43. Rd1 e2 44. Qxa5 exd1=Q+ 45. Kf2 Qd3 46. Qe1+ Rxe1 47. Kxe1 Qf5 48. g3 Qh3 49. Kf2 Qxh2+ 50. Kf3 Kf5 51. g4+ Kf6 52. f5 g5 53. Ke4 Qf4+ 54. Kd5 Qxg4 55. Kc5 h5 {White resigns} 0-1

[Event "FICS rated blitz game"]
[Site "FICS freechess.org"]
[FICSGamesDBGameNo "20000204"]
[White "FMP"]
[Black "brandonn"]
[WhiteElo "2113"]
[BlackElo "2011"]
[WhiteRD "na"]
[BlackRD "na"]
[TimeControl "300+0"]
[Date "1999.02.16"]
[Time "03:59:00"]
[WhiteClock "0:05:00.000"]
[BlackClock "0:05:00.000"]
[ECO "C26"]
[PlyCount "52"]
[Result "1-0"]

1. e4 e5 2. Nf3 Nf6 3. Nc3 Bb4 4. Bc4 O-O 5. O-O d6 6. Nd5 Nxd5 7. Bxd5 c6 8. Bb3 Bg4 9. h3 Bh5 10. g4 Bg6 11. d3 Nd7 12. Bg5 Qc7 13. Nh4 b5 14. c3 Ba5 15. Be3 Bb6 16. Qd2 Nc5 17. Bc2 Rad8 18. Rae1 d5 19. b4 Nxd3 20. Qxd3 dxe4 21. Qe2 a5 22. Bxb6 Qxb6 23. Bxe4 Bxe4 24. Qxe4 Rd2 25. Nf5 axb4 26. Qxe5 Rxa2 {Black resigns} 1-0

[Event "FICS rated blitz game"]
[Site "FICS freechess.org"]
[FICSGamesDBGameNo "20000203"]
[White "fuchs"]
[Black "whitelight"]
[WhiteElo "1843"]
[BlackElo "1842"]
[WhiteRD "na"]
[BlackRD "na"]
[TimeControl "300+2"]
[Date "1999.02.15"]
[Time "14:36:00"]
[WhiteClock "0:05:00.000"]
[BlackClock "0:05:00.000"]
[ECO "A80"]
[PlyCount "50"]
[Result "0-1"]

1. d4 f5 2. Nf3 g6 3. g3 Bg7 4. Bg2 Nf6 5. O-O c5 6. d5 O-O 7. c4 d6 8. Nc3 Na6 9. a3 Rb8 10. Re1 Nc7 11. e4 fxe4 12. Nxe4 Nxe4 13. Rxe4 b5 14. Qe2 Bf6 15. Bh6 Re8 16. Bg5 bxc4 17. Bxf6 exf6 18. Re1 Bf5 19. Re7 Rxe7 20. Qxe7 Qxe7 21. Rxe7 Nxd5 22. Rxa7 Rxb2 23. h3 c3 24. Ne1 Rb1 25. Bxd5+ Kf8 {White resigns} 0-1

[Event "FICS rated blitz game"]
[Site "FICS freechess.org"]
[FICSGamesDBGameNo "20000202"]
[White "msbh"]
[Black "NickeJ"]
[WhiteElo "1577"]
[BlackElo "1679"]
[WhiteRD "na"]
[BlackRD "na"]
[TimeControl "180+0"]
[Date "1999.02.14"]
[Time "07:52:00"]
[WhiteClock "0:03:00.000"]
[BlackClock "0:03:00.000"]
[ECO "D20"]
[PlyCount "104"]
[Result "0-1"]

1. d4 d5 2. c4 dxc4 3. e3 Nd7 4. Bxc4 e6 5. Nc3 Ngf6 6. Nf3 Bb4 7. Bd2 Nb6 8. Bb3 a5 9. a3 Bxc3 10. Bxc3 Nbd5 11. e4 Nxe4 12. Bxd5 exd5 13. O-O Nxc3 14. bxc3 Be6 15. Re1 O-O 16. Qb3 b6 17. Ne5 Rb8 18. Nc6 Qd7 19. Nxb8 Rxb8 20. Rad1 c6 21. Rb1 b5 22. a4 Bf5 23. Rb2 Bd3 24. Qd1 Bc4 25. Re3 g6 26. Qe1 Kg7 27. Re7 Qf5 28. Re5 Qf6 29. axb5 cxb5 30. Qa1 a4 31. Qa3 Qf4 32. Rb1 h6 33. h3 h5 34. Qe7 Qf6 35. Qxf6+ Kxf6 36. Re2 Bxe2 37. f3 Bc4 38. Kf2 Re8 39. Rb2 a3 40. Rc2 a2 41. Rc1 Re2+ 42. Kg1 h4 43. Ra1 Rc2 44. Kh2 Rxc3 45. Kg1 b4 46. Rd1 b3 47. g3 Rxf3 48. gxh4 Rxh3 49. h5 Rxh5 50. Rf1+ Bxf1 51. Kxf1 a1=Q+ 52. Kf2 Qxd4+ {White resigns} 0-1

[Event "FICS rated blitz game"]
[Site "FICS freechess.org"]
[FICSGamesDBGameNo "20000201"]
[White "umbyk"]
[Black "JaOTee"]
[WhiteElo "1619"]
[BlackElo "1503"]
[WhiteRD "na"]
[BlackRD "na"]
[TimeControl "300+0"]
[Date "1999.02.13"]
[Time "17:21:00"]
[WhiteClock "0:05:00.000"]
[BlackClock "0:05:00.000"]
[ECO "B92"]
[PlyCount "65"]
[Result "1-0"]

1. e4 c5 2. Nf3 d6 3. d4 cxd4 4. Nxd4 Nf6 5. Nc3 a6 6. Be2 e5 7. Nf3 Nbd7 8. O-O Be7 9. Bg5 h6 10. Bh4 O-O 11. Re1 Nc5 12. Bxf6 Bxf6 13. h3 b5 14. Nd5 Bb7 15. Bd3 Bxd5 16. exd5 Be7 17. c4 bxc4 18. Bxc4 Qb6 19. b3 f5 20. Nxe5 Bf6 21. Nc6 Bxa1 22. Qxa1 Rae8 23. Qc3 Rxe1+ 24. Qxe1 Ne4 25. Kf1 Re8 26. f3 Nf6 27. Qd2 Qc5 28. Nd4 Nxd5 29. Nxf5 Re5 30. Ng3 Kh8 31. Ne4 Ne3+ 32. Ke2 Nxc4 33. Qc3 {Black forfeits on time} 1-0

[Event "FICS rated blitz game"]
[Site "FICS freechess.org"]
[FICSGamesDBGameNo "20000200"]
[White "Jcastle"]
[Black "umbyk"]
[WhiteElo "1638"]
[BlackElo "1625"]
[WhiteRD "na"]
[BlackRD "na"]
[TimeControl "300+0"]
[Date "1999.02.13"]
[Time "16:19:00"]
[WhiteClock "0:05:00.000"]
[BlackClock "0:05:00.000"]
[ECO "C00"]
[PlyCount "96"]
[Result "0-1"]

1. e4 e6 2. d4 c5 3. Nf3 Nf6 4. e5 Nd5 5. c3 Be7 6. Be2 O-O 7. O-O cxd4 8. cxd4 d6 9. Nc3 dxe5 10. Nxe5 Bf6 11. Bf3 Nxc3 12. bxc3 Bxe5 13. dxe5 Qxd1 14. Rxd1 Nc6 15. Ba3 Re8 16. Rab1 Nxe5 17. Bxb7 Bxb7 18. Rxb7 Red8 19. Rbb1 Nc4 20. Be7 Rxd1+ 21. Rxd1 Nb6 22. Rd8+ Rxd8 23. Bxd8 Nd5 24. c4 Nb4 25. a3 Nc6 26. Bc7 f6 27. Kf1 Kf7 28. Ke2 e5 29. Kd3 Ke6 30. Kc3 f5 31. f4 e4 32. a4 g6 33. g3 Kd7 34. Be5 Nxe5 35. fxe5 Ke6 36. Kd4 g5 37. c5 h5 38. a5 a6 39. c6 h4 40. Kc5 e3 41. c7 Kd7 42. Kb6 Kc8 43. Kxa6 e2 44. Kb6 e1=Q 45. a6 Qxe5 46. a7 Qxc7+ 47. Ka6 Qb7+ 48. Ka5 Qxa7+ {White resigns} 0-1

[Event "FICS rated blitz game"]
[Site "FICS freechess.org"]
[FICSGamesDBGameNo "20000198"]
[White "Orfeus"]
[Black "talsman"]
[WhiteElo "1418"]
[BlackElo "1416"]
[WhiteRD "na"]
[BlackRD "na"]
[TimeControl "60+12"]
[Date "1999.02.13"]
[Time "14:46:00"]
[WhiteClock "0:01:00.000"]
[BlackClock "0:01:00.000"]
[ECO "B90"]
[PlyCount "134"]
[Result "0-1"]

1. e4 c5 2. Nf3 d6 3. d4 cxd4 4. Nxd4 Nf6 5. Nc3 a6 6. Be3 e5 7. Nf3 h6 8. h3 Be7 9. Bc4 Qc7 10. Bb3 b5 11. O-O Kf8 12. Re1 g6 13. Nd5 Nxd5 14. Bxd5 Bb7 15. c3 Bxd5 16. Qxd5 Nc6 17. Rad1 Kg7 18. a3 Rac8 19. Nh2 Na5 20. Ng4 Qc4 21. Qxc4 Nxc4 22. Bxh6+ Rxh6 23. Nxh6 Kxh6 24. Re2 Nb6 25. f4 exf4 26. Rf2 g5 27. h4 f6 28. hxg5+ fxg5 29. g3 Rf8 30. gxf4 Rxf4 31. Rh2+ Kg6 32. Re1 Nc4 33. Rf2 Rxf2 34. Kxf2 Ne5 35. Kg3 g4 36. Ra1 Nd3 37. b3 Kg5 38. a4 bxa4 39. Rxa4 Nc5 40. Ra3 Nxe4+ 41. Kg2 Nxc3 42. Rxa6 Ne4 43. b4 Bf6 44. b5 Be5 45. b6 Nc5 46. Ra7 Kf4 47. Rf7+ Ke3 48. b7 Nxb7 49. Rxb7 g3 50. Re7 Kd4 51. Rf7 d5 52. Rf3 Ke4 53. Rb3 d4 54. Rb4 Ke3 55. Rb3+ d3 56. Kf1 Kd2 57. Kg2 Kc2 58. Ra3 d2 59. Ra2+ Kc1 60. Rxd2 Kxd2 61. Kf1 Ke3 62. Kg2 Ke2 63. Kg1 Kf3 64. Kf1 g2+ 65. Kg1 Bd4+ 66. Kh2 g1=Q+ 67. Kh3 Qg3# {White checkmated} 0-1

[Event "FICS rated blitz game"]
[Site "FICS freechess.org"]
[FICSGamesDBGameNo "20000197"]
[White "Primzy"]
[Black "kar"]
[WhiteElo "1963"]
[BlackElo "2146"]
[WhiteRD "na"]
[BlackRD "na"]
[TimeControl "240+0"]
[Date "1999.02.13"]
[Time "10:56:00"]
[WhiteClock "0:04:00.000"]
[BlackClock "0:04:00.000"]
[ECO "A21"]
[PlyCount "66"]
[Result "0-1"]

1. c4 e5 2. Nc3 f5 3. d4 e4 4. Nh3 Nf6 5. f3 Bb4 6. Bg5 O-O 7. Qb3 Nc6 8. O-O-O Bxc3 9. Qxc3 d5 10. e3 Kh8 11. fxe4 dxe4 12. d5 Ne7 13. Nf4 b6 14. h4 Qe8 15. h5 h6 16. Bxf6 Rxf6 17. Be2 Qf7 18. Rdg1 Bd7 19. g4 fxg4 20. Bxg4 Bxg4 21. Rxg4 Rg8 22. Rhg1 c6 23. Ne6 Nf5 24. Rg6 cxd5 25. cxd5 Rxg6 26. Rxg6 Kh7 27. Qe5 Nxe3 28. Kd2 Qf2+ 29. Kc3 Rc8+ 30. Kb3 Qc2+ 31. Ka3 Nc4+ 32. Kb4 Nxe5 33. Rxg7+ Kh8 {White resigns} 0-1

[Event "FICS rated blitz game"]
[Site "FICS freechess.org"]
[FICSGamesDBGameNo "20000196"]
[White "killefitz"]
[Black "Turkishmaster"]
[WhiteElo "1701"]
[BlackElo "1653"]
[WhiteRD "na"]
[BlackRD "na"]
[TimeControl "180+0"]
[Date "1999.02.13"]
[Time "10:29:00"]
[WhiteClock "0:03:00.000"]
[BlackClock "0:03:00.000"]
[ECO "C02"]
[PlyCount "46"]
[Result "0-1"]

1. e4 e6 2. d4 d5 3. e5 c5 4. c3 Nc6 5. Nf3 Qb6 6. a3 cxd4 7. cxd4 Bd7 8. Be2 Rc8 9. Nc3 Na5 10. O-O Nb3 11. Rb1 a5 12. Be3 a4 13. Nd2 Ne7 14. Nxb3 Qxb3 15. Qxb3 axb3 16. Bb5 g6 17. Bxd7+ Kxd7 18. Nb5 Nf5 19. g4 Ng7 20. f4 h5 21. h3 hxg4 22. hxg4 Rh3 23. Kf2 Rc2+ {White resigns} 0-1

[Event "FICS rated lightning game"]
[Site "FICS freechess.org"]
[FICSGamesDBGameNo "20000195"]
[White "Koka"]
[Black "Connais"]
[WhiteElo "2022"]
[BlackElo "1997"]
[WhiteRD "na"]
[BlackRD "na"]
[TimeControl "60+0"]
[Date "1999.02.13"]
[Time "05:51:00"]
[WhiteClock "0:01:00.000"]
[BlackClock "0:01:00.000"]
[ECO "D09"]
[PlyCount "33"]
[Result "0-1"]

1. d4 d5 2. c4 e5 3. dxe5 d4 4. Nf3 Nc6 5. g3 Bg4 6. Bg2 Qd7 7. Nbd2 O-O-O 8. Qb3 Nge7 9. h3 Be6 10. Ne4 Na5 11. Qb4 Nec6 12. Qa4 d3 13. e3 Nxc4 14. b3 Nb6 15. Bd2 Nd4 16. Nxd4 Qxa4 17. bxa4 {White forfeits on time} 0-1

[Event "FICS rated blitz game"]
[Site "FICS freechess.org"]
[FICSGamesDBGameNo "20000194"]
[White "Shatterhead"]
[Black "Seagaard"]
[WhiteElo "1987"]
[BlackElo "2171"]
[WhiteRD "na"]
[BlackRD "na"]
[TimeControl "180+0"]
[Date "1999.02.11"]
[Time "14:04:00"]
[WhiteClock "0:03:00.000"]
[BlackClock "0:03:00.000"]
[ECO "B23"]
[PlyCount "66"]
[Result "0-1"]

1. e4 c5 2. Nc3 e6 3. g3 a6 4. d3 b5 5. Bg2 Bb7 6. Be3 d6 7. Nge2 Be7 8. O-O Nd7 9. a4 b4 10. Nb1 Ngf6 11. Nd2 O-O 12. Nc4 d5 13. exd5 exd5 14. Nd2 a5 15. Bf4 Qb6 16. Nf3 Rfe8 17. Re1 h6 18. Rc1 Bc6 19. Ne5 Nxe5 20. Bxe5 Bxa4 21. b3 Bc6 22. Nf4 Rad8 23. Bxf6 Bxf6 24. Rxe8+ Rxe8 25. Nxd5 Bxd5 26. Bxd5 Bd4 27. Qf3 Re7 28. Bc4 g6 29. Qg4 Kg7 30. Rf1 Qf6 31. Qc8 Re2 32. Kh1 Rxf2 33. Rg1 Qf3+ {White resigns} 0-1

[Event "FICS rated blitz game"]
[Site "FICS freechess.org"]
[FICSGamesDBGameNo "20000193"]
[White "mrQuispel"]
[Black "scottnott"]
[WhiteElo "1005"]
[BlackElo "988"]
[WhiteRD "na"]
[BlackRD "na"]
[TimeControl "120+12"]
[Date "1999.02.09"]
[Time "08:32:00"]
[WhiteClock "0:02:00.000"]
[BlackClock "0:02:00.000"]
[ECO "B50"]
[PlyCount "112"]
[Result "0-1"]

1. e4 c5 2. Nf3 d6 3. c3 Nc6 4. Bc4 Nf6 5. Ng5 e6 6. Qb3 Qe7 7. O-O h6 8. Nf3 Nxe4 9. Re1 d5 10. Bb5 Bd7 11. Bd3 c4 12. Qxb7 Rd8 13. Bxe4 Bc8 14. Qxe7+ Bxe7 15. Bc2 O-O 16. Na3 e5 17. Nxe5 Nxe5 18. Rxe5 Bf6 19. Re1 Rfe8 20. Rxe8+ Rxe8 21. g3 Bh3 22. f4 d4 23. d3 cxd3 24. Bxd3 dxc3 25. Kf2 cxb2 26. Bxb2 Bxb2 27. Rd1 Bxa3 28. Kf3 Bc5 29. Be4 g6 30. Rd5 Bb6 31. Rd7 f5 32. Bd5+ Kf8 33. Rf7+ Kg8 34. Re7+ Kf8 35. Rf7+ Kg8 36. Rxf5+ Kg7 37. Rf7+ Kg8 38. Re7+ Kf8 39. Rf7+ Kg8 40. Rf6+ Kh7 41. Rf7+ Kg8 42. Rf6+ Kh7 43. Bf7 Re3+ 44. Kf2 Re6+ 45. Kf3 Rxf6 46. Bb3 Rf8 47. g4 Rb8 48. Kg3 Bf1 49. h4 Bc7 50. g5 Rf8 51. gxh6 Kxh6 52. Kg4 Bxf4 53. Bc2 Be3 54. a4 Rf4+ 55. Kg3 Bf2+ 56. Kh2 Rxh4# {White checkmated} 0-1

[Event "FICS rated blitz game"]
[Site "FICS freechess.org"]
[FICSGamesDBGameNo "20000192"]
[White "kellogg"]
[Black "rcl"]
[WhiteElo "1385"]
[BlackElo "1367"]
[WhiteRD "na"]
[BlackRD "na"]
[TimeControl "240+0"]
[Date "1999.02.07"]
[Time "21:36:00"]
[WhiteClock "0:04:00.000"]
[BlackClock "0:04:00.000"]
[ECO "D12"]
[PlyCount "96"]
[Result "0-1"]

1. d4 d5 2. c4 c6 3. Nc3 Nf6 4. e3 Bf5 5. Nf3 e6 6. cxd5 exd5 7. Bd3 Bg4 8. h3 Bh5 9. g4 Bg6 10. Ne5 Bb4 11. Bxg6 fxg6 12. Bd2 O-O 13. Na4 Bd6 14. a3 Re8 15. Nf3 b5 16. Nc5 Bxc5 17. dxc5 d4 18. Nxd4 Qxd4 19. Qb3+ Qc4 20. Qxc4+ bxc4 21. O-O Ne4 22. Bc1 Nd7 23. Rd1 Ndxc5 24. f3 Nf6 25. e4 Nd3 26. Be3 Nxb2 27. Rac1 Nxd1 28. Rxd1 a6 29. Rc1 Rab8 30. Rxc4 Rb3 31. Bc1 Rxf3 32. Kg2 Re3 33. Bxe3 Nxe4 34. Rxc6 Ra8 35. Kf3 Nf6 36. Bg5 Nd5 37. Ke4 Nf6+ 38. Ke5 Ne8 39. a4 Kf7 40. a5 Ra7 41. Bh4 h6 42. Rb6 Nc7 43. Kd4 g5 44. Bg3 Ne6+ 45. Kc4 Nf4 46. Bf2 Nxh3 47. Be3 Rc7+ 48. Kb4 Nf4 {White forfeits on time} 0-1

[Event "FICS rated lightning game"]
[Site "FICS freechess.org"]
[FICSGamesDBGameNo "20000190"]
[White "Hartung"]
[Black "ElFena"]
[WhiteElo "1817"]
[BlackElo "1949"]
[WhiteRD "na"]
[BlackRD "na"]
[TimeControl "60+0"]
[Date "1999.02.07"]
[Time "15:17:00"]
[WhiteClock "0:01:00.000"]
[BlackClock "0:01:00.000"]
[ECO "B10"]
[PlyCount "49"]
[Result "1-0"]

1. e4 d5 2. exd5 Nf6 3. c4 c6 4. Nc3 cxd5 5. cxd5 Nxd5 6. Bb5+ Bd7 7. Qa4 Nb6 8. Bxd7+ N8xd7 9. Qd4 e5 10. Qe4 Qe7 11. Nf3 Qc5 12. O-O O-O-O 13. d4 exd4 14. Qxd4 Qxd4 15. Nxd4 Bc5 16. Nb3 f5 17. Bg5 Rde8 18. Rfe1 Bb4 19. Bd2 Nc4 20. Bf4 Nxb2 21. Nd5 Bxe1 22. Rc1+ Kd8 23. Bc7+ Kc8 24. Bf4+ Kd8 25. Bg5+ {Black forfeits on time} 1-0

[Event "FICS rated blitz game"]
[Site "FICS freechess.org"]
[FICSGamesDBGameNo "20000189"]
[White "GMgavin"]
[Black "nicksinc"]
[WhiteElo "1787"]
[BlackElo "1630"]
[WhiteRD "na"]
[BlackRD "na"]
[TimeControl "180+5"]
[Date "1999.02.07"]
[Time "07:20:00"]
[WhiteClock "0:03:00.000"]
[BlackClock "0:03:00.000"]
[ECO "B14"]
[PlyCount "65"]
[Result "1-0"]

1. c4 Nf6 2. Nc3 c6 3. e4 d5 4. exd5 cxd5 5. d4 g6 6. Nf3 Bg7 7. c5 O-O 8. Be3 Nc6 9. Rb1 Re8 10. b4 Bg4 11. b5 Na5 12. Be2 Bxf3 13. Bxf3 e5 14. dxe5 Rxe5 15. O-O Re8 16. Bd4 Rc8 17. Qa4 b6 18. c6 Nc4 19. Nxd5 Nd2 20. Nxf6+ Bxf6 21. Bxf6 Qxf6 22. Bg4 Rc7 23. Rfe1 Rxe1+ 24. Rxe1 h5 25. Bd7 Kg7 26. Qd1 Qc3 27. Re3 Qb4 28. Qa1+ Kh6 29. Qh8+ Kg5 30. Qe5+ Kh6 31. h4 Qb1+ 32. Re1 Qb4 33. Qh8# {Black checkmated} 1-0

[Event "FICS rated blitz game"]
[Site "FICS freechess.org"]
[FICSGamesDBGameNo "20000188"]
[White "Warmongr"]
[Black "Antero"]
[WhiteElo "1502"]
[BlackElo "1173"]
[WhiteRD "na"]
[BlackRD "na"]
[TimeControl "240+12"]
[Date "1999.02.07"]
[Time "01:27:00"]
[WhiteClock "0:04:00.000"]
[BlackClock "0:04:00.000"]
[ECO "C41"]
[PlyCount "77"]
[Result "1-0"]

1. e4 e5 2. Nf3 d6 3. d4 f6 4. Nh4 Ne7 5. Bc4 d5 6. exd5 Nxd5 7. Qh5+ g6 8. Nxg6 hxg6 9. Qxh8 Ne7 10. Qh7 Kd7 11. dxe5 fxe5 12. Qf7 Kc6 13. Nc3 b5 14. Bxb5+ Kb7 15. Qb3 c6 16. Be2+ Kc7 17. Bg5 Nd7 18. Rd1 Rb8 19. Qa3 Rb7 20. Qd6+ Kb6 21. Nd5+ Nxd5 22. Bxd8+ Rc7 23. Bxc7+ Nxc7 24. Qxg6 Nd5 25. Rxd5 Bc5 26. b4 Bxb4+ 27. c3 Bxc3+ 28. Kd1 a5 29. Rb5+ Kc7 30. Rb3 Bb4 31. a3 Bd6 32. Kc2 Nc5 33. Rf3 e4 34. Rf7+ Bd7 35. Bg4 Kb6 36. Rb1+ Kc7 37. Bxd7 Nxd7 38. Qe6 Bxa3 39. Qxd7# {Black checkmated} 1-0

[Event "FICS rated blitz game"]
[Site "FICS freechess.org"]
[FICSGamesDBGameNo "20000187"]
[White "Omeg"]
[Black "pixelhead"]
[WhiteElo "1149"]
[BlackElo "1392"]
[WhiteRD "na"]
[BlackRD "na"]
[TimeControl "180+12"]
[Date "1999.02.06"]
[Time "13:19:00"]
[WhiteClock "0:03:00.000"]
[BlackClock "0:03:00.000"]
[ECO "B22"]
[PlyCount "56"]
[Result "0-1"]

1. e4 c5 2. Nf3 Nc6 3. c3 d6 4. d4 cxd4 5. cxd4 Nf6 6. Nc3 g6 7. Bb5 Bd7 8. d5 Na5 9. Be3 Bxb5 10. Nxb5 a6 11. Nbd4 Bg7 12. Qd2 O-O 13. Bh6 Nc4 14. Qc1 Qa5+ 15. Bd2 Nxd2 16. Nxd2 Nxe4 17. Nb3 Qb4 18. O-O Nxd2 19. Nxd2 Bxb2 20. Qc7 Bxa1 21. Rxa1 Qxd2 22. Qxe7 Qxd5 23. h3 Rae8 24. Qf6 Re6 25. Qc3 Rfe8 26. Kf1 Qb5+ 27. Kg1 Qe5 28. Rb1 Qxc3 {White resigns} 0-1

[Event "FICS rated blitz game"]
[Site "FICS freechess.org"]
[FICSGamesDBGameNo "20000186"]
[White "Fanaticus"]
[Black "Marsel"]
[WhiteElo "1413"]
[BlackElo "1397"]
[WhiteRD "na"]
[BlackRD "na"]
[TimeControl "180+0"]
[Date "1999.02.06"]
[Time "00:12:00"]
[WhiteClock "0:03:00.000"]
[BlackClock "0:03:00.000"]
[ECO "C01"]
[PlyCount "67"]
[Result "1-0"]

1. e4 e6 2. Nf3 d5 3. exd5 exd5 4. d4 Nf6 5. Bd3 c6 6. O-O Bd6 7. Re1+ Be7 8. Bg5 O-O 9. c3 Bg4 10. h3 Nbd7 11. Nbd2 Bxf3 12. Nxf3 Qc7 13. Qc2 h6 14. Bxh6 gxh6 15. Rxe7 Qd6 16. Rae1 Rfe8 17. Rxe8+ Rxe8 18. Rxe8+ Nxe8 19. Nh4 Ndf6 20. Nf5 Qf4 21. g3 Qg5 22. Qe2 Ng7 23. Nxg7 Kxg7 24. Qe7 Qc1+ 25. Kg2 Qxb2 26. Qe3 Qxc3 27. g4 Qa5 28. Qf3 Qc7 29. g5 hxg5 30. Qf5 Qb6 31. Qxg5+ Kf8 32. Qxf6 Qc7 33. Bf5 Qe7 34. Qh8# {Black checkmated} 1-0

[Event "FICS rated blitz game"]
[Site "FICS freechess.org"]
[FICSGamesDBGameNo "20000185"]
[White "Montpellier"]
[Black "dubois"]
[WhiteElo "1422"]
[BlackElo "1596"]
[WhiteRD "na"]
[BlackRD "na"]
[TimeControl "180+0"]
[Date "1999.02.05"]
[Time "14:27:00"]
[WhiteClock "0:03:00.000"]
[BlackClock "0:03:00.000"]
[ECO "A40"]
[PlyCount "92"]
[Result "0-1"]

1. d4 g6 2. Nf3 Bg7 3. Bf4 e6 4. e3 Ne7 5. Be2 O-O 6. h3 d6 7. O-O Nd7 8. Nbd2 b6 9. c3 Bb7 10. Re1 Rc8 11. b4 e5 12. Bh2 exd4 13. exd4 Nd5 14. Rc1 c5 15. dxc5 dxc5 16. bxc5 Nxc5 17. c4 Nc3 18. Qc2 Nxe2+ 19. Rxe2 Ne6 20. Rd1 Qf6 21. Ne4 Bxe4 22. Qxe4 Nc5 23. Qe7 Qc3 24. Be5 Qb4 25. Bxg7 Kxg7 26. Rdd2 Qxc4 27. Ne5 Qb5 28. h4 Ne6 29. Rb2 Qc5 30. Qxc5 Nxc5 31. g3 Rce8 32. a3 f5 33. f4 Rf6 34. Nf3 Rd8 35. Ng5 Rd7 36. Kg2 h6 37. Nf3 Ne4 38. Rbc2 Rfd6 39. Ne5 Rd8 40. Rc7+ Kf6 41. Nf7 Rd2 42. Nxd8 Rxe2+ 43. Kf3 Nc3 44. Rxc3 Re3+ 45. Kxe3 Ke7 46. Rc6 Kd7 {White forfeits on time} 0-1

[Event "FICS rated blitz game"]
[Site "FICS freechess.org"]
[FICSGamesDBGameNo "20000184"]
[White "Democrito"]
[Black "KONNY"]
[WhiteElo "1490"]
[BlackElo "1524"]
[WhiteRD "na"]
[BlackRD "na"]
[TimeControl "120+12"]
[Date "1999.02.04"]
[Time "12:30:00"]
[WhiteClock "0:02:00.000"]
[BlackClock "0:02:00.000"]
[ECO "B13"]
[PlyCount "86"]
[Result "1/2-1/2"]

1. e4 c6 2. d4 d5 3. exd5 cxd5 4. Bd3 Nf6 5. c3 e6 6. Bf4 Bd6 7. Bxd6 Qxd6 8. Nf3 Nbd7 9. O-O O-O 10. Qe2 a6 11. Nbd2 b5 12. Ne5 Bb7 13. Rae1 Rfe8 14. f4 Rac8 15. Nxd7 Qxd7 16. Nf3 Qe7 17. f5 Qc7 18. fxe6 Rxe6 19. Qf2 Rce8 20. Rxe6 Rxe6 21. Ne5 Re7 22. Qh4 h6 23. Rxf6 Rxe5 24. Rxf7 Kxf7 25. Qf4+ Kg8 26. dxe5 Qf7 27. g3 Bc8 28. Qxf7+ Kxf7 29. Kf2 Ke6 30. Ke3 Kxe5 31. h4 Be6 32. b4 g5 33. hxg5 hxg5 34. Be2 Bf5 35. Bd3 Be4 36. Be2 Bb1 37. a3 Bf5 38. Bh5 Bc8 39. Bg6 g4 40. Bd3 Bb7 41. Be2 Bc8 42. Bf1 Bd7 43. Bg2 Bc8 {Game drawn by mutual agreement} 1/2-1/2

[Event "FICS rated blitz game"]
[Site "FICS freechess.org"]
[FICSGamesDBGameNo "20000183"]
[White "JHW"]
[Black "queiroz"]
[WhiteElo "1494"]
[BlackElo "1440"]
[WhiteRD "na"]
[BlackRD "na"]
[TimeControl "240+0"]
[Date "1999.02.03"]
[Time "14:37:00"]
[WhiteClock "0:04:00.000"]
[BlackClock "0:04:00.000"]
[ECO "C47"]
[PlyCount "66"]
[Result "0-1"]

1. Nc3 Nf6 2. e4 e5 3. Nf3 Nc6 4. Bc4 Nxe4 5. Bxf7+ Kxf7 6. Nxe4 d5 7. Neg5+ Ke8 8. d3 h6 9. Nh3 Bxh3 10. gxh3 Bc5 11. Qe2 Bd6 12. Bd2 Qf6 13. O-O-O Kd7 14. Rhg1 g5 15. h4 Rhf8 16. Ne1 gxh4 17. Qg4+ Qe6 18. Qxh4 Rg8 19. Nf3 e4 20. dxe4 dxe4 21. Rxg8 Rxg8 22. Ne1 Qxa2 23. Bc3 Qa1+ 24. Kd2 Qa2 25. Qxh6 Rf8 26. Qg7+ Kc8 27. Qg4+ Kb8 28. Ke2 Qc4+ 29. Kd2 Bf4+ 30. Qxf4 Rxf4 31. Kc1 Qa2 32. b3 Rxf2 33. Be5 Qa3+ {White forfeits on time} 0-1